 Dungeon Crawl Stone Soup version 0.29-a0-676-ga64570c9d2 (webtiles) character file.

Game seed: 5591309044174978158

192702 vineage the Warrior (level 18, -4/126 HPs)
             Began as a Gargoyle Fighter on June 24, 2022.
             Was the Champion of Okawaru.
             Killed from afar by a starcursed mass (7 damage)
             ... with an accursed screaming
             ... while paralysed by accursed screaming
             ... on level 3 of the Abyss.
             The game lasted 00:49:30 (26297 turns).

vineage the Warrior (Gargoyle Fighter)             Turns: 26297, Time: 00:49:31

Health: -4/126     AC: 35    Str: 32      XL:     18   Next: 69%
Magic:  14/22      EV:  2    Int:  7 (13) God:    Okawaru [******]
Gold:   2786       SH:  0    Dex: 15      Spells: 17/17 levels left

rFire   + + +      SeeInvis .   e - +10 morningstar "Eos" {elec, Halo rElec}
rCold   x . .      Faith    .   t - +1 kite shield {rF+}
rNeg    + . .      Spirit   .   q - +1 plate armour of Greater Demons {Dex+5}
rPois   ∞          Reflect  .   z - +0 hat of Dyspraxia {rF+}
rElec   +          Harm     .   J - +0 cloak
rCorr   .          Rampage  .   r - +0 pair of gloves "Owuptaw" {+Blink rF+ rC- Str+3}
Will    +....                   (no boots)
Stlth   ..........              n - amulet of regeneration
HPRegen 0.00/turn               b - +4 ring of slaying
MPRegen 0.18/turn               W - +6 ring of strength

@: paralysed, about to teleport, spiked, flying, inhibited regen, hasted,
glowing
A: sickness immunity, AC +13, big wings, negative energy resistance 1,
electricity resistance, torment resistance 1, petrification resistance, clever
1, inhibited regeneration, weak 1, MP-powered wands
a: Renounce Religion, Evoke Blink, Heroism, Finesse, Duel


You were on level 3 of the Abyss.
You worshipped Okawaru.
Okawaru was exalted by your worship.
You visited 5 branches of the dungeon, and saw 27 of its levels.
You visited the Abyss 2 times.
You also visited: Sewer, Ice Cave and Volcano.

You collected 4119 gold pieces.
You spent 1333 gold pieces at shops.

Inventory:

Hand Weapons
 e - the +10 morningstar "Eos" (weapon) {elec, Halo rElec}
   (You acquired it on level 5 of the Dungeon)

   It occasionally discharges a powerful burst of electricity upon striking a
   foe.
   It grants its wielder a halo, increasing accuracy against those within it.
   rElec:     It insulates you from electricity.
 P - the +7 sceptre of Torment {pain, torment}
   (Okawaru gifted it to you on level 1 of the Elven Halls)

   In the hands of one skilled in necromantic magic, it inflicts extra damage on
   living creatures.
   It occasionally torments all nearby living foes when it strikes in combat.
 V - the +7 eveningstar of the Moth {flame, rC+ Stlth+}
   (Okawaru gifted it to you on level 2 of the Orcish Mines)

   It burns those it strikes, dealing additional fire damage.
   rC:        It protects you from cold.
   Stlth:     It makes you more stealthy.
Armour
 q - the +1 plate armour of Greater Demons (worn) {Dex+5}
   (Okawaru gifted it to you on level 14 of the Dungeon)

   Dex:       It affects your dexterity (+5).
 r - the +0 pair of gloves "Owuptaw" (worn) {+Blink rF+ rC- Str+3}
   (You acquired it on level 5 of the Dungeon)

   Str:       It affects your strength (+3).
   rF:        It protects you from fire.
   rC:        It makes you vulnerable to cold.
   +Blink:    It lets you blink.
 t - a +1 kite shield of fire resistance (worn)
 z - the +0 hat of Dyspraxia (worn) {rF+}
   (Okawaru gifted it to you on level 11 of the Dungeon)

   rF:        It protects you from fire.
 J - a +0 cloak (worn)
Jewellery
 b - a +4 ring of slaying (left hand)
 g - a ring of protection from fire
 h - a +4 ring of evasion
 n - an amulet of regeneration (around neck)
 D - a +4 ring of protection
 H - a ring of resist corrosion
 N - a +6 ring of intelligence
 W - a +6 ring of strength (right hand)
 Y - the amulet of Ciridiynt {Acrobat SInv}
   (You bought it in a shop on level 2 of the Orcish Mines)

   [amulet of the acrobat]

   It increases your evasion while moving and waiting.
   SInv:      It lets you see invisible.
 Z - a ring of protection from cold
Wands
 a - a wand of polymorph (4)
 c - a wand of flame (5)
 B - a wand of iceblast (1)
 F - a wand of digging (5)
 M - a wand of paralysis (17)
 O - a wand of mindburst (7)
 R - a wand of quicksilver (4)
Scrolls
 k - 7 scrolls of immolation
 l - 11 scrolls of teleportation
 s - 8 scrolls of magic mapping
 u - a scroll of brand weapon
 v - 6 scrolls of fear
 w - 4 scrolls of enchant armour
 y - 3 scrolls of fog
 C - 3 scrolls of poison
 E - a scroll of silence
 G - 5 scrolls of enchant weapon
 S - 3 scrolls of amnesia
Potions
 d - a potion of berserk rage
 f - 10 potions of curing
 i - 4 potions of might
 j - 3 potions of invisibility
 m - a potion of cancellation
 o - 8 potions of haste
 x - a potion of heal wounds
 A - a potion of ambrosia
 K - 3 potions of lignification
 L - 2 potions of brilliance
 T - 4 potions of attraction
 U - 4 potions of magic


   Skills:
 + Level 18.7 Fighting
 + Level 18.3 Maces & Flails
 + Level 16.2 Armour
 + Level 5.5 Dodging
 + Level 16.0 Shields
 - Level 6.1 Invocations


You had 17 spell levels left.
You didn't know any spells.
Your spell library contained the following spells:

 Spells                   Type           Power      Damage    Failure   Level
 Freeze                   Ice            0%         1d3       98%         1
 Magic Dart               Conj           0%         1d3       98%         1
 Necrotize                Necr           0%         1d4       98%         1
 Blink                    Tloc           0%         N/A       99%         2
 Scorch                   Fire           0%         2d5       99%         2
 Static Discharge         Conj/Air       0%         N/A       99%         2
 Frozen Ramparts          Ice            0%         1d2       100%        3
 Gell's Gravitas          Tloc           0%         N/A       100%        3
 Inner Flame              Hex/Fire       0%         N/A       100%        3
 Mephitic Cloud           Conj/Pois/Air  0%         N/A       100%        3
 Ozocubu's Armour         Ice            0%         N/A       100%        3
 Teleport Other           Tloc           0%         N/A       100%        3
 Dispel Undead            Necr           0%         3d6       100%        4
 Fulminant Prism          Conj/Hex       0%         3d6       100%        4
 Hailstorm                Conj/Ice       0%         3d3       100%        4
 Iskenderun's Mystic Bla  Conj/Tloc      0%         2d3       100%        4
 Passage of Golubria      Tloc           0%         N/A       100%        4
 Petrify                  Tmut/Erth      0%         N/A       100%        4
 Sticky Flame             Conj/Fire      0%         2d3       100%        4
 Blade Hands              Tmut           0%         N/A       100%        5
 Borgnjor's Vile Clutch   Necr/Erth      0%         N/A       100%        5
 Fireball                 Conj/Fire      0%         3d3       100%        5
 Irradiate                Conj/Tmut      0%         3d13      100%        5
 Lee's Rapid Deconstruct  Erth           0%         3d5*      100%        5
 Manifold Assault         Tloc           0%         N/A       100%        5
 Metabolic Englaciation   Hex/Ice        0%         N/A       100%        5
 Yara's Violent Unravell  Hex/Tmut       0%         3d3       100%        5
 Conjure Ball Lightning   Conj/Air       0%         3x3d6     100%        6
 Dispersal                Tloc           0%         N/A       100%        6
 Dragon Form              Tmut           0%         N/A       100%        7
 Ozocubu's Refrigeration  Ice            0%         4d5       100%        7
 Storm Form               Tmut/Air       0%         N/A       100%        7
 Discord                  Hex            0%         N/A       100%        8
 Disjunction              Tloc           0%         N/A       100%        8
 Chain Lightning          Conj/Air       0%         N/A       100%        9
 Fire Storm               Conj/Fire      0%         5d1       100%        9
 Shatter                  Erth           0%         3d5*      100%        9
 Call Imp                 Summ           Unusable   N/A       N/A         2
 Sublimation of Blood     Necr           Unusable   N/A       N/A         2
 Tukima's Dance           Hex            Unusable   N/A       N/A         3
 Infestation              Necr           Unusable   N/A       N/A         8
 Dragon's Call            Summ           Unusable   N/A       N/A         9

Dungeon Overview and Level Annotations

Branches:
Dungeon (15/15)            Temple (1/1) D:5            Lair (6/6) D:8
  Swamp (0/4) Lair:2       Spider (0/4) Lair:3        Slime (0/5) Lair:5
    Orc (2/2) D:12            Elf (3/3) Orc:2        Vaults (0/5) D:14
 Depths (0/4) D:15          Sewer (visited)           IceCv (visited)
Volcano (visited)

Altars:
Ashenzari
Cheibriados
Dithmenos
Elyvilon
Fedhas
Gozag
Hepliaklqana
Kikubaaqudgha
Makhleb
Nemelex Xobeh
Okawaru
Qazlal
Ru
Sif Muna
Trog
Uskayaw
Vehumet
Wu Jian
Xom
Zin
The Shining One
Beogh
Jiyva
Lugonu

Shops:
D:6 =   D:8 :?   D:9 *   D:14 (   Orc:2 *([[   Elf:1 *   Elf:2 [

Portals:
Hell: Lair:6


Innate Abilities, Weirdness & Mutations

You are immune to sickness and miasma.
Your stone body is resilient. (AC +13)
You are immune to poison.
Your large and strong wings let you fly.
You resist negative energy. (rN+)
You are resistant to electric shocks. (rElec)
You are resistant to unholy torment.
You are immune to petrification.
Your mind is acute. (Int +4, Str/Dex-1)
You do not regenerate when monsters are visible.
You are weak. (Str -2)
You expend magic power (3 MP) to strengthen your wands.


Message History

The orange crystal statue fixes its piercing gaze on you.
Something tries to feed on your intellect!
The starcursed mass touches you but does no damage.
The barbs in your skin will harm you if you move.
Continue? [Y]es or [N]o only, please.
The barbs in your skin will harm you if you move.
Continue?
The barbed spikes dig painfully into your body as you move.
The harpy screeches!
You block the harpy's attack. x2; The starcursed mass barely misses you.
The wraith hits you but does no damage. The red devil completely misses you.
The barbed spikes dig painfully into your body as you move.
* * * LOW HITPOINT WARNING * * *
The harpy screeches!
You block the harpy's attack. The harpy claws you but does no damage.
The orange crystal statue glitters.
The worldbinder closely misses you. You block the worldbinder's attack.
The red devil hits you from afar with a +0 trident!
* * * LOW HITPOINT WARNING * * *
Barbed spikes become lodged in your body.
A cacophony of accursed wailing tears at your sanity!
* * * LOW HITPOINT WARNING * * *
You suddenly lose the ability to move!
The ynoxinul seems to regain its courage.
The worldbinder dissolves into shadows!
The snapping turtle disappears in a puff of smoke! x2
The merfolk aquamancer disappears in a puff of smoke!
The ancient zyme dissolves into shadows!
The harpy claws you but does no damage. x2
The orange crystal statue glitters.
The orange crystal statue fixes its piercing gaze on you.
You feel dopey. Something feeds on your intellect!
The tentacled starspawn bites you.
* * * LOW HITPOINT WARNING * * *
The tentacled starspawn tentacle-slaps you but does no damage.
Cornered, the ynoxinul turns to fight!
The red devil hits you but does no damage.
The ynoxinul dissolves into shadows!
The wraith dissolves into shadows!
The thrashing horror tramples you but does no damage. x2
A cacophony of accursed wailing tears at your sanity!
You die...

≈..#.###.. . ..
≈X..#.#.. #. ..
#..#.#. #... .
##########.#.#
###.≈8§.##.#...#
.##..x≈≈≈X.##..##
#...55.X4X⌠#...####
##†#..HX.XX⌠#.#..
#φ#†...@.XXXX§#
##.#..A5X.XXX..#..#
#...§...X..#.†#....#
##.⌠†≈≈≈.⌠##.#..#..
###.≈8≈.##...).# # .
#
#########.#†.......
. ≈#§§.#..#..#. .. .
. ≈≈≈.§v.#. ..#. .
.. ♣ ≈≈X #.#.v# .


You could see 12 starcursed masses, a daeva (summoned), a tentacled starspawn
(summoned), 2 orange crystal statues, a spatial vortex, an ancient zyme
(summoned), 2 thrashing horrors, a large abomination, a harpy (summoned), a red
devil (summoned), an iron imp (summoned), a white imp (summoned) and an ufetubus
(summoned).

Vanquished Creatures
  Nikola (Elf:3)
  2 bone dragons
  Frances (D:13)
  Gastronok (Lair:2)
  Agnes (D:14)
  A tentacled starspawn (Abyss:2)
  A deep elf sorcerer (Elf:3)
  A draconian scorcher (Abyss:3)
  2 reapers (Abyss:2)
  2 very ugly things (Abyss:3)
  2 deep elf demonologists (Elf:3)
  A red draconian (Volcano)
  3 deep elf annihilators (Elf:3)
  Azrael (D:14)
  2 deep elf death magi
  A green death (Abyss:2)
  A yaktaur captain (D:14)
  A great orb of eyes (D:15)
  5 boulder beetles
  6 hydras
  A rakshasa (D:15)
  An ogre mage (Volcano)
  A two-headed ogre (shapeshifter) (D:15)
  6 centaur warriors
  9 two-headed ogres
  32 dancing weapons
  Erica (D:9)
  A tengu warrior (D:14)
  9 death yaks
  6 orc high priests
  Urug (Lair:5)
  Amaemon (D:7)
  3 wretched stars (Abyss:2)
  17 deep elf knights
  A sun demon (Lair:6)
  A fire crab (Lair:6)
  5 skeletal warriors (D:12)
  A glowing orange brain (Abyss:3)
  Lodul (D:12)
  A spriggan druid (Elf:1)
  An orange crystal statue (Elf:1)
  A bog body (IceCv)
  A flayed ghost (Abyss:3)
  7 deep elf archers
  A lindwurm (Lair:4)
  A wizard (Lair:6)
  31 deep elf pyromancers
  2 necromancers
  6 orc knights
  21 deep elf zephyrmancers
  A wolf spider (D:15)
  2 orc sorcerers (Orc:1)
  19 ugly things
  3 manticores
  A worldbinder (Abyss:3)
  5 elephants (Lair:6)
  Joseph (D:8)
  A smoke demon (Abyss:3)
  5 black mambas
  2 ice statues (IceCv)
  A cane toad (shapeshifter) (Elf:2)
  12 cane toads
  An unseen horror (D:13)
  6 rime drakes
  2 gargoyles
  4 orange demons
  Psyche (D:8)
  2 yaktaurs (D:14)
  2 freezing wraiths (IceCv)
  3 entropy weaver simulacra (IceCv)
  2 ancient zymes (Abyss:2)
  8 komodo dragons
  A hellwing (Lair:6)
  7 ice devils
  3 anaconda simulacra (IceCv)
  A red devil (Lair:6)
  3 meliai (D:14)
  3 trolls
  4 polar bears
  A polar bear (shapeshifter) (Abyss:3)
  5 raiju
  4 dream sheep (Lair:5)
  7 blink frogs (Lair:6)
  30 slime creatures
  4 air elementals
  A culicivora (shapeshifter) (D:11)
  A yak (shapeshifter) (Elf:2)
  5 small abominations
  A centaur simulacrum (D:14)
  3 dire elephant simulacra (IceCv)
  3 water elementals
  6 wraiths
  2 vampires
  2 shadows
  A redback (Lair:3)
  5 wyverns
  52 yaks
  A basilisk (shapeshifter) (Elf:2)
  A fire bat (Elf:3)
  3 fire elementals
  3 basilisks
  3 vampire mosquitoes (D:14)
  8 neqoxecs
  Grum (D:8)
  A harpy simulacrum (IceCv)
  8 large abominations
  A warg (Orc:1)
  An acid dragon (D:7)
  12 water moccasins
  7 hell hounds
  3 ice beasts
  2 black bears
  Pargi (Sewer)
  25 orc warriors
  9 starcursed masses (Abyss:3)
  A sky beast (D:7)
  15 wolves
  A tengu (shapeshifter) (D:11)
  15 ogres
  31 centaurs
  A phantom (D:5)
  5 kobold brigands
  An elf zombie (Elf:1)
  27 bullfrogs
  4 gnoll sergeants
  3 scorpions
  An earth elemental (Elf:3)
  4 killer bees (D:7)
  An elephant simulacrum (IceCv)
  2 electric eels (D:12)
  3 howler monkeys
  23 orc priests
  6 jellies
  Crazy Yiuf (D:7)
  4 hounds
  Jessica (D:2)
  Ijyb (D:4)
  4 iguanas
  19 orc wizards
  A spriggan simulacrum (IceCv)
  Robin (D:2)
  12 gnolls
  12 adders
  2 shadow imps
  3 white imps
  3 ufetubi
  A worm (D:2)
  4 dart slugs
  83 orcs
  9 bats
  10 endoplasms
  7 giant cockroaches
  10 goblins
  8 hobgoblins
  4 jackals (D:4)
  9 kobolds
  3 quokkas
  5 ball pythons
  7 frilled lizards
  8 rats
912 creatures vanquished.

Vanquished Creatures (others)
  A ynoxinul (Abyss:3)
  19 fungi
  31 plants
  2 starspawn tentacles (Abyss:2)
53 creatures vanquished.

Grand Total: 965 creatures vanquished

Notes
Turn   | Place    | Note
-------+----------+-------------------------------------------
     0 | D:1      | vineage the Gargoyle Fighter began the quest for the Orb.
     0 | D:1      | Reached XP level 1. HP: 14/14 MP: 1/1
   212 | D:1      | Reached XP level 2. HP: 20/20 MP: 2/2
  1180 | D:2      | Reached XP level 3. HP: 24/24 MP: 3/3
  1196 | D:2      | Noticed Jessica
  1202 | D:2      | Killed Jessica
  1203 | D:2      | Reached skill level 5 in Fighting
  1419 | D:2      | Noticed Robin
  1436 | D:2      | Reached XP level 4. HP: 27/31 MP: 4/4
  1452 | D:2      | HP: 1/31 [Robin/+0 club (1)]
  1456 | D:2      | Killed Robin
  2019 | D:2      | Reached XP level 5. HP: 36/36 MP: 5/5
  2291 | D:2      | Identified the +5 quarterstaff "Jareyxeu" {vamp, rC+ Str+4}
  2355 | D:3      | You fall into a shaft and drop 3 floors!
  2355 | D:6      | Found Hecofept's Jewellery Shoppe.
  2361 | D:5      | Entered Level 5 of the Dungeon
  2426 | D:4      | Noticed a kobold brigand
  2532 | D:3      | Found a faded altar of an unknown god.
  2668 | D:3      | Reached XP level 6. HP: 31/44 MP: 6/6
  2860 | D:3      | Found a glowing drain.
  2885 | Sewer    | Entered a sewer
  2937 | Sewer    | Noticed Pargi
  2943 | Sewer    | Killed Pargi
  3002 | Sewer    | Reached XP level 7. HP: 50/50 MP: 7/7
  3949 | D:4      | Reached skill level 10 in Fighting
  3949 | D:4      | Reached XP level 8. HP: 57/57 MP: 8/8
  3951 | D:4      | Noticed Ijyb
  3964 | D:4      | Killed Ijyb
  4171 | D:5      | Identified 3 scrolls of acquirement
  4171 | D:5      | Acquired the +10 morningstar "Eos" {elec, Halo rElec}
  4171 | D:5      | Found the +10 morningstar "Eos" {elec, Halo rElec}
  4188 | D:5      | Acquired 1009 gold pieces
  4192 | D:5      | Acquired the +0 pair of gloves "Owuptaw" {+Blink rF+ rC-
                  | Str+3}
  4382 | D:5      | Found a staircase to the Ecumenical Temple.
  4395 | Temple   | Entered the Ecumenical Temple
  4492 | Temple   | Became a worshipper of Warmaster Okawaru
  4954 | D:6      | Reached skill level 5 in Armour
  4997 | D:6      | Reached * piety under Okawaru
  4998 | D:6      | Reached XP level 9. HP: 38/64 MP: 9/9
  5138 | D:6      | Gained mutation: Your body sometimes deteriorates upon
                  | taking damage. [potion of mutation]
  5138 | D:6      | Gained mutation: You passively map a small area around you.
                  | [potion of mutation]
  5138 | D:6      | Gained mutation: You are partially covered in iridescent
                  | scales. (AC +2) [potion of mutation]
  5139 | D:6      | Lost mutation: You are partially covered in iridescent
                  | scales. (AC +2) [potion of mutation]
  5139 | D:6      | Lost mutation: Your body sometimes deteriorates upon taking
                  | damage. [potion of mutation]
  5139 | D:6      | Gained mutation: Your mind is acute. (Int +4, Str/Dex-1)
                  | [potion of mutation]
  5139 | D:6      | Gained mutation: You are partially covered in iridescent
                  | scales. (AC +2) [potion of mutation]
  5139 | D:6      | Gained mutation: You have a pair of small horns on your
                  | head. [potion of mutation]
  5139 | D:6      | Gained mutation: Your mind is very acute. (Int +8,
                  | Str/Dex-2) [potion of mutation]
  5579 | D:6      | Reached skill level 5 in Shields
  5906 | D:7      | Reached ** piety under Okawaru
  6082 | D:7      | Reached skill level 5 in Maces & Flails
  6196 | D:7      | Reached *** piety under Okawaru
  6197 | D:7      | Reached XP level 10. HP: 71/71 MP: 10/10
  6269 | D:7      | Found a runed translucent door.
  6270 | D:7      | Noticed Crazy Yiuf
  6355 | D:7      | Killed Crazy Yiuf
  6411 | D:8      | Noticed Amaemon
  6411 | D:8      | Noticed an orange demon
  6429 | D:7      | Killed Amaemon
  6429 | D:7      | Reached **** piety under Okawaru
  6444 | D:8      | Killed an orange demon
  6505 | D:8      | Noticed Psyche
  6512 | D:8      | Killed Psyche
  6516 | D:8      | Noticed Grum
  6535 | D:8      | Reached ***** piety under Okawaru
  6539 | D:8      | Killed Grum
  6610 | D:8      | Found a staircase to the Lair.
  6944 | D:8      | Found Daguyth's Magic Scroll Shop.
  6950 | D:8      | Bought a scroll of teleportation for 45 gold pieces
  6950 | D:8      | Bought a scroll of magic mapping for 52 gold pieces
  6987 | D:8      | Noticed Joseph
  7004 | D:8      | Killed Joseph
  7005 | D:8      | Reached XP level 11. HP: 67/78 MP: 11/11
  7086 | D:8      | Found Kimegaz's Book Emporium.
  7301 | D:9      | Found Qeothuha's General Store.
  7403 | D:9      | Reached skill level 1 in Invocations
  7462 | D:9      | Noticed Erica
  7468 | D:9      | Killed Erica
  7640 | D:10     | Entered Level 10 of the Dungeon
  7737 | D:10     | Found an ancient bone altar of Kikubaaqudgha.
  8490 | D:11     | Identified the +8 long sword of Atoet {vorpal, rF+}
  8588 | D:11     | Noticed a six-headed hydra
  8588 | D:11     | Noticed a two-headed ogre
  8597 | D:11     | Killed a two-headed ogre
  8597 | D:11     | Reached ****** piety under Okawaru
  8600 | D:11     | Killed a six-headed hydra
  8600 | D:11     | Identified the +0 hat of Dyspraxia {rF+} (Okawaru gifted it
                  | to you on level 11 of the Dungeon)
  8600 | D:11     | Received a gift from Okawaru
  8685 | D:11     | Noticed a manticore
  8696 | D:11     | Killed a manticore
  8715 | D:11     | Found a transporter.
  8718 | D:11     | Found a corrupted altar of Lugonu.
  8718 | D:11     | Found a transporter.
  8718 | D:11     | Noticed a purple ugly thing
  8876 | D:11     | Noticed a cyan ugly thing
  9123 | D:11     | Noticed a cyclops
  9178 | D:11     | Noticed a sea snake
  9186 | D:11     | Noticed a manticore
  9313 | Lair:1   | Entered Level 1 of the Lair of Beasts
  9785 | Lair:1   | Reached XP level 12. HP: 84/84 MP: 15/15
 10381 | Lair:2   | Found a staircase to the Swamp.
 10394 | Lair:2   | Reached skill level 10 in Armour
 10394 | Lair:2   | Reached skill level 5 in Invocations
 10488 | Lair:2   | Noticed Gastronok
 10502 | Lair:2   | Killed Gastronok
 10593 | Lair:2   | Noticed an eight-headed hydra
 10604 | Lair:2   | Killed an eight-headed hydra
 10806 | Lair:2   | Received a gift from Okawaru
 10906 | Lair:2   | Reached skill level 10 in Shields
 11143 | Lair:3   | Found a hole to the Spider Nest.
 11265 | Lair:3   | Noticed a boulder beetle
 11288 | Lair:3   | Killed a boulder beetle
 12058 | Lair:4   | Received a gift from Okawaru
 12222 | Lair:4   | Reached XP level 13. HP: 91/91 MP: 17/17
 12346 | Lair:4   | Received a gift from Okawaru
 12424 | Lair:4   | Reached skill level 10 in Maces & Flails
 12437 | Lair:4   | Got the Reference Book on the Creative Blaze
 13134 | Lair:4   | Gained mutation: Your large and strong wings let you fly.
                  | [Gargoyle growth]
 13134 | Lair:4   | Reached XP level 14. HP: 96/96 MP: 18/18
 13152 | Lair:5   | Found a viscous altar of Jiyva.
 13152 | Lair:5   | Found a staircase to the Slime Pits.
 13222 | Lair:5   | Noticed Urug
 13224 | Lair:5   | Found a dark tunnel.
 13227 | Lair:5   | Killed Urug
 13247 | Volcano  | Entered a volcano
 13284 | Volcano  | Noticed a red draconian
 13296 | Volcano  | Killed a red draconian
 13367 | Volcano  | Reached skill level 15 in Fighting
 13734 | Lair:5   | Identified the +7 broad axe of the Last Nights {venom,
                  | Fragile Str+5} (Okawaru gifted it to you on level 5 of the
                  | Lair of Beasts)
 13734 | Lair:5   | Received a gift from Okawaru
 13940 | Lair:5   | Found a broken altar of Ashenzari.
 14235 | Lair:6   | Entered Level 6 of the Lair of Beasts
 14433 | Lair:6   | Reached XP level 15. HP: 98/103 MP: 17/19
 14501 | Lair:6   | Received a gift from Okawaru
 15063 | Lair:6   | Found a burning altar of Makhleb.
 15081 | Lair:6   | Received a gift from Okawaru
 15124 | Lair:6   | Found a gateway to Hell.
 15887 | D:12     | Noticed Lodul
 15898 | D:12     | Killed Lodul
 16041 | D:12     | Received a gift from Okawaru
 16046 | D:12     | Reached skill level 15 in Maces & Flails
 16144 | D:12     | Found a blossoming altar of Fedhas.
 16455 | D:12     | Found a staircase to the Orcish Mines.
 17023 | D:13     | Noticed Frances
 17035 | D:13     | Killed Frances
 17382 | D:14     | Found Aseod's Weapon Boutique.
 17408 | D:14     | Identified the +1 plate armour of Greater Demons {Dex+5}
                  | (Okawaru gifted it to you on level 14 of the Dungeon)
 17408 | D:14     | Received a gift from Okawaru
 17420 | D:14     | Reached XP level 16. HP: 92/111 MP: 20/20
 17423 | D:14     | Noticed Azrael
 17440 | D:14     | Killed Azrael
 17469 | D:14     | Found a gate to the Vaults.
 17602 | D:14     | Found a blossoming altar of Fedhas.
 17799 | D:14     | Noticed Agnes
 17808 | D:14     | Killed Agnes
 17894 | D:15     | Entered Level 15 of the Dungeon
 18653 | D:15     | Found a staircase to the Depths.
 18830 | D:15     | Received a gift from Okawaru
 19083 | Orc:1    | Entered Level 1 of the Orcish Mines
 19165 | Orc:1    | Found a frozen archway.
 19193 | IceCv    | Entered an ice cave
 19987 | IceCv    | Got the Incunabulum of Ice
 20408 | Orc:2    | Entered Level 2 of the Orcish Mines
 20408 | Orc:2    | Found a staircase to the Elven Halls.
 20982 | Orc:2    | Identified the +7 eveningstar of the Moth {flame, rC+
                  | Stlth+} (Okawaru gifted it to you on level 2 of the Orcish
                  | Mines)
 20982 | Orc:2    | Received a gift from Okawaru
 21689 | Orc:2    | Found Agoptir's Weapon Boutique.
 21689 | Orc:2    | Found Luruux's Assorted Antiques.
 21690 | Orc:2    | Found Begof's Armour Boutique.
 21690 | Orc:2    | Found Syomelan's Antique Armour Shop.
 21701 | Orc:2    | Bought 2 potions of heal wounds for 270 gold pieces
 21701 | Orc:2    | Bought a scroll of enchant weapon for 202 gold pieces
 21701 | Orc:2    | Bought a scroll of enchant weapon for 202 gold pieces
 21701 | Orc:2    | Bought a scorched silver amulet for 135 gold pieces
 21701 | Orc:2    | Identified the amulet of Ciridiynt {Acrobat SInv} (You
                  | bought it in a shop on level 2 of the Orcish Mines)
 21801 | Elf:1    | Entered Level 1 of the Elven Halls
 21841 | Elf:1    | Reached XP level 17. HP: 93/117 MP: 21/21
 22048 | Elf:1    | Identified the +10 rapier of Urompuq {drain, rPois}
 22056 | Elf:1    | Found Ihul's Assorted Antiques.
 22065 | Elf:1    | Bought a potion of curing for 114 gold pieces
 22281 | Elf:1    | Received a gift from Okawaru
 22281 | Elf:1    | Found the +7 sceptre of Torment {pain, torment}
 22633 | Elf:1    | Reached skill level 1 in Dodging
 22695 | Elf:1    | Got the Papyrus of Dark Secrets
 22986 | Elf:1    | Paralysed by an air elemental for 1 turns
 23358 | Elf:2    | Found Qotop's Antique Armour Boutique.
 23369 | Elf:2    | Bought a steaming buckler for 313 gold pieces
 23369 | Elf:2    | Identified the +3 buckler of the King of the Hill {rPois}
                  | (You bought it in a shop on level 2 of the Elven Halls)
 23454 | Elf:2    | Reached skill level 15 in Armour
 23482 | Elf:2    | Found a runed translucent gate.
 23484 | Elf:2    | Found a runed translucent gate.
 23484 | Elf:2    | Found a runed translucent gate.
 23790 | Elf:2    | Paralysed by an air elemental for 1 turns
 24010 | Elf:2    | Reached skill level 15 in Shields
 24073 | Elf:2    | Received a gift from Okawaru
 24675 | Elf:2    | Received a gift from Okawaru
 24708 | Elf:2    | Reached XP level 18. HP: 120/125 MP: 22/22
 24942 | Elf:3    | Entered Level 3 of the Elven Halls
 24969 | Elf:3    | Noticed Nikola
 24981 | Elf:3    | Killed Nikola
 25456 | Elf:3    | Cast into level 2 of the Abyss (a deep elf demonologist)
 25485 | Abyss:2  | Gained mutation: You are frail. (-10% HP) [a neqoxec]
 25498 | Abyss:2  | Gained mutation: Armour fits poorly on your strangely
                  | shaped body. [a neqoxec]
 25522 | Abyss:2  | Gained mutation: You have an uncontrollable temper. [a
                  | neqoxec]
 25626 | Abyss:2  | Noticed a bone dragon
 25638 | Abyss:2  | Noticed a bone dragon
 25645 | Abyss:2  | Killed a bone dragon
 25645 | Abyss:2  | Received a gift from Okawaru
 25645 | Abyss:2  | Found the +18 Lear's hauberk
 25655 | Abyss:2  | Found a corrupted altar of Lugonu.
 25709 | Elf:3    | Escaped the Abyss
 25714 | Elf:3    | Noticed a Tzitzimitl
 25954 | Elf:3    | Reached skill level 5 in Dodging
 25974 | Elf:3    | Lost mutation: You are partially covered in iridescent
                  | scales. (AC +2) [potion of mutation]
 25974 | Elf:3    | Lost mutation: You are frail. (-10% HP) [potion of
                  | mutation]
 25974 | Elf:3    | Lost mutation: Armour fits poorly on your strangely shaped
                  | body. [potion of mutation]
 25974 | Elf:3    | Gained mutation: Armour fits poorly on your strangely
                  | shaped body. [potion of mutation]
 25975 | Elf:3    | Lost mutation: You tend to lose your temper in combat.
                  | [potion of mutation]
 25975 | Elf:3    | Lost mutation: You have a pair of small horns on your head.
                  | [potion of mutation]
 25975 | Elf:3    | Gained mutation: Your flesh is cold resistant. (rC+)
                  | [potion of mutation]
 25975 | Elf:3    | Lost mutation: Your flesh is cold resistant. (rC+) [potion
                  | of mutation]
 25975 | Elf:3    | Gained mutation: You expend magic power (3 MP) to
                  | strengthen your wands. [potion of mutation]
 25976 | Elf:3    | Lost mutation: You passively map a small area around you.
                  | [potion of mutation]
 25976 | Elf:3    | Lost mutation: Armour fits poorly on your strangely shaped
                  | body. [potion of mutation]
 25976 | Elf:3    | Lost mutation: Your mind is very acute. (Int +8, Str/Dex-2)
                  | [potion of mutation]
 25976 | Elf:3    | Gained mutation: You are weak. (Str -2) [potion of
                  | mutation]
 26120 | Elf:3    | Noticed a deep elf blademaster
 26122 | Elf:3    | Cast into level 3 of the Abyss (a deep elf demonologist)
 26174 | Abyss:3  | Killed a bone dragon
 26217 | Abyss:3  | Paralysed by accursed screaming for 1 turns
 26221 | Abyss:3  | Gained mutation: You do not regenerate when monsters are
                  | visible. [a neqoxec]
 26266 | Abyss:3  | Paralysed by accursed screaming for 1 turns
 26275 | Abyss:3  | Paralysed by accursed screaming for 2 turns
 26295 | Abyss:3  | Paralysed by accursed screaming for 2 turns
 26296 | Abyss:3  | HP: 3/126 [tentacled starspawn[an orange crystal statue]
                  | (6)]
 26297 | Abyss:3  | Killed from afar by a starcursed mass

Illustrated notes

Levels and vault maps discovered:
D:1:      dpeg_arrival_houses_and_road, layout_basic, st_stairs_7
D:2:      layout_loops_ring, minmay_quadrilaterals, uniq_jessica, uniq_robin
D:3:      layout_loops_ring, gup_sewer_entry_glass,
          shapermc_ecumenical_altar_mp_highgroup, minmay_misc_feat_ornament,
          kennysheep_generic_room_7
D:4:      layout_rooms, serial_park_tiny_2, uniq_ijyb
D:5:      layout_loops_ring, minmay_temple_entry_enclosed_plants,
          dreamdust_mushroom_princess
D:6:      layout_basic, nicolae_stop_n_shop_1, grunt_decor_cap, st_stairs_7,
          hangedman_minor_gate_pass
D:7:      layout_rooms, uniq_crazy_yiuf_cottage
D:8:      layout_loops_cross, david_lair_shrubbed, serial_shops, shop, shop,
          dk_noncrumbling_3, uniq_psyche, uniq_joseph, uniq_grum, uniq_amaemon
D:9:      layout_basic, serial_shops, kennysheep_little_box, uniq_erica
D:10:     layout_small_grid, old_standard_altar
D:11:     gammafunk_corrupted_shrine, layout_basic
D:12:     layout_loops_cross, kennysheep_orc_monster_closet_entryway,
          minmay_hedge_maze, kennysheep_diamond, uniq_lodul
D:13:     layout_gridville, uniq_frances
D:14:     layout_rooms, david_vaults_2, fedhas_altar_1, serial_shops,
          kennysheep_mini_moat, uniq_azrael, uniq_agnes
D:15:     gammafunk_enter_depths_forms, layout_cave_pools,
          nicolae_twisting_strands
Temple:   regret_index_temple_sigil_plot
Lair:1:   layout_hall_layers, serial_forest, infiniplex_forest_lined_corner,
          infiniplex_forest_lined_room_, infiniplex_forest_clump_C,
          infiniplex_forest_clump_long, infiniplex_forest_lined_3,
          beast_lair_carwin_4, serial_bayou_shore_a
Lair:2:   layout_big_grid, swamp_mist, serial_bayou_shore_b, uniq_gastronok
Lair:3:   layout_cellular_growth, spider_nest_entry_a,
          small_statue_intersection, infiniplex_staircase_pool
Lair:4:   layout_layer_cave
Lair:5:   layout_regular_city, nicolae_slime_entry_slimehenge, basic_altar,
          lightli_volcano_entry_magma_tube, uniq_urug
Lair:6:   evil_forest, layout_cave_pods
Orc:1:    layout_caves, basic_altar, portal_ice_cave_entry_pillars_2
Orc:2:    st_orc_pillars, layout_caves, nicolae_orc_damp_corner
Elf:1:    minmay_elf_arrival_summoners, layout_loops_corners, serial_shops,
          shop_statue, minmay_elf_necromancy, minivault_16,
          kilobyte_rumbling_trees
Elf:2:    nicolae_elf_blades_crystal_corner, layout_gridlike, serial_shops, shop
Elf:3:    elf_hall_gauntlet_narrow, layout_rooms, uniq_nikola
Abyss:3:  base: D:14, doesnt_abyss_rune_brain_food

Skill      XL: |  1  2  3  4  5  6  7  8  9 10 11 12 13 14 15 16 17 18 |
---------------+-------------------------------------------------------+-----
Fighting       | 4 5 6 7 8 10 11 12 13 14 15 16 17 18 | 18.7
Armour         | 5 6 8 9 10 11 12 13 14 15 16 | 16.2
Shields        | 4 6 7 9 10 11 13 14 15 16 | 16.0
Maces & Flails | 3 5 6 8 9 12 13 15 17 18 | 18.3
Invocations    | 4 6 |  6.1
Dodging        | 3 5 |  5.5

Action                   |  1- 3 |  4- 6 |  7- 9 | 10-12 | 13-15 | 16-18 || total
-------------------------+-------+-------+-------+-------+-------+-------++-------
Melee: Flail             |    66 |    71 |       |       |       |       ||   137
       Quarterstaff      |       |   117 |   146 |       |       |       ||   263
       Morningstar       |       |       |   120 |   390 |   596 |   929 ||  2035
       Headbutt          |       |       |     8 |   107 |   173 |   257 ||   545
       Eveningstar       |       |       |       |       |       |    64 ||    64
Invok: Heroism           |       |       |       |     6 |    13 |    23 ||    42
       Finesse           |       |       |       |       |       |     5 ||     5
  Use: Scroll            |     6 |     3 |    11 |    13 |     3 |    11 ||    47
       Potion            |       |     3 |     2 |     1 |     1 |    16 ||    23
Armor: Scale mail        |    44 |   114 |   192 |   326 |    46 |       ||   722
       Plate armour      |       |       |       |       |   325 |   517 ||   842
Dodge: Dodged            |    30 |   117 |   145 |   219 |   169 |   230 ||   910
Block: Buckler           |    12 |    20 |    44 |   171 |    23 |       ||   270
       Kite shield       |       |       |       |       |   352 |   572 ||   924

Table legend: (Time is in decaauts)
 A = Elapsed time spent in this place.
 B = Non-inter-level travel time spent in this place.
 C = Inter-level travel time spent in this place.
 D = Time resting spent in this place.
 E = Time spent auto-exploring this place.
 F = Levels seen in this place.
 G = Mean time per level.
                   A        B        C        D        E       F      G
               +--------+--------+--------+--------+--------+-----+--------+
         Total |  26290 |  24850 |   1440 |   2763 |  16633 |  32 |  821.6 |
       Dungeon |  12762 |  11887 |    875 |    957 |   8517 |  15 |  850.8 |
        Temple |    114 |     89 |     25 |      0 |     71 |   1 |  114.0 |
          Lair |   5932 |   5635 |    297 |    322 |   4339 |   6 |  988.7 |
  Orcish Mines |   1819 |   1753 |     66 |    218 |   1161 |   2 |  909.5 |
   Elven Halls |   4001 |   3825 |    176 |    840 |   2071 |   3 | 1333.7 |
         Abyss |    380 |    380 |      0 |      0 |     19 |   2 |  190.0 |
         Sewer |    186 |    186 |      0 |      0 |     91 |   1 |  186.0 |
      Ice Cave |    849 |    849 |      0 |    414 |    252 |   1 |  849.0 |
       Volcano |    243 |    243 |      0 |     12 |    111 |   1 |  243.0 |
               +--------+--------+--------+--------+--------+-----+--------+

Top non-repeatable levels by time:
   Elf:2: 1808 daAuts
   Elf:1: 1445 daAuts
   Orc:2: 1365 daAuts
     D:2: 1293 daAuts
  Lair:4: 1170 daAuts
  Lair:6: 1141 daAuts
     D:1: 1112 daAuts
  Lair:1: 1062 daAuts
    D:11: 999 daAuts
     D:6: 986 daAuts
    D:14: 951 daAuts
    D:10: 927 daAuts
  Lair:3: 908 daAuts
    D:12: 891 daAuts
     D:8: 881 daAuts
